AoeStats
← cdlm

Golden Pit

509646859Analyzed
1v1 RM · 6d ago on Sep 27, 2026· 27m 3s· 2 players
Game mode
Random Map
Map size
Tiny (2 player)
Population
200
Speed
Normal
Resources
Standard
Victory
Conquest
Starting age
Dark Age
Ending age
Imperial Age
RankedLock teamsTeams togetherTeam positionsShared explorationLock speedFull tech treeHidden civsTurbo modeCheats
Victory
Defeat
🇬🇧 Franks · United Kingdom
727
+17
🇨🇱 Franks · Chile
753
-17
Capt JP
11:54 Feudal Age
12:44 Double-Bit Axe
14:41 Forging
14:32 Scale Mail Armor
13:54 Man-at-Arms
14:19 Arson
17:38 Loom
19:20 Gold Mining
22:16 Castle Age
23:01 Long Swordsman
25:18 Pikeman
26:10 Bow Saw
cdlm
4:18 Loom
12:13 Feudal Age
13:26 Double-Bit Axe
14:36 Town Watch
18:40 Gold Mining
20:28 Wheelbarrow
24:47 Castle Age
Connection lost

Rejoining the realm…

Still unreachable

The connection could not be restored.

Session expired

The server has moved on; the page needs a fresh start.